 Dungeon Crawl Stone Soup version 0.28-a0-1235-g7c8fac35f0 (webtiles) character file.

Game seed: 9341057328362046152

82329 Lavandula the Grappler (level 16, -4/105 HPs)
             Began as a Formicid Transmuter on Dec 25, 2021.
             Was a Believer of Ru.
             Slain by a sun demon (9 damage)
             ... summoned by an orc high priest
             ... on level 1 of the Orcish Mines.
             The game lasted 01:01:05 (24139 turns).

Lavandula the Grappler (Formicid Transmuter)       Turns: 24139, Time: 01:01:05

Health: -4/105     AC: 19    Str: 19    XL:     16   Next: 20%
Magic:  22/30      EV: 13    Int: 21    God:    Ru [**....]
Gold:   1783       SH:  5    Dex: 11    Spells: 5/36 levels left

rFire   + . .      SeeInvis +     - Unarmed
rCold   . . .      Faith    .   (no shield)
rNeg    . . .      Spirit   .   z - +4 troll leather armour
rPois   .          Reflect  +   (helmet unavailable)
rElec   .          Harm     .   t - +2 cloak
rCorr   .          Rampage  .   (no gloves)
Will    +....                   E - +0 pair of boots
Stlth   +.........              f - amulet of reflection
HPRegen 1.07/turn               P - ring of Lust {rF+ Str+4 SInv}
MPRegen 0.22/turn               j - +4 ring of protection

@: spewing sludge, very slow
A: permanent stasis, dig shafts and tunnels, antennae 3, frail 1, weak 1, four
strong arms, iridescent scales 1, clever 1
a: Dig, Shaft Self, Renounce Religion


You were on level 1 of the Orcish Mines.
You worshipped Ru.
Ru was pleased with you.
You visited 4 branches of the dungeon, and saw 21 of its levels.
You also visited: Ossuary, Bailey and Gauntlet.

You collected 1783 gold pieces.

Inventory:

Missiles
 u - 47 poisoned darts (quivered)
 I - a throwing net
 R - 4 silver javelins
Armour
 m - a +2 robe of willpower
 n - +0 acid dragon scales
 t - a +2 cloak (worn)
 z - a +4 troll leather armour (worn)
 E - a +0 pair of boots (worn)
 W - a +0 pair of gloves
Jewellery
 c - a +6 ring of dexterity
 d - the ring "Noith" {rC+ Will++ Int-3}
   (You found it on level 8 of the Dungeon)

   [ring of protection from cold]

   Int:       It affects your intelligence (-3).
   rC:        It protects you from cold.
   Will:      It greatly increases your willpower.
 f - an amulet of reflection (around neck)
 j - a +4 ring of protection (right hand)
 K - the ring of Departure {rPois rC- Str+6 Int+5 Slay+2}
   (You found it in a Gauntlet)

   [ring of strength]

   Str:       It affects your strength (+6).
   Int:       It affects your intelligence (+5).
   Slay:      It affects your accuracy & damage with ranged weapons and melee
   (+2).
   rC:        It makes you vulnerable to cold.
   rPois:     It protects you from poison.
 M - an amulet of magic regeneration
 N - a +6 ring of strength
 P - the ring of Lust (left hand) {rF+ Str+4 SInv}
   (You found it in a Gauntlet)

   [ring of see invisible]

   Str:       It affects your strength (+4).
   rF:        It protects you from fire.
   SInv:      It lets you see invisible.
 Q - a +4 ring of protection
 S - a ring of magical power
 X - a ring of willpower
 Y - a ring of positive energy
Wands
 a - a wand of flame (67)
 e - a wand of paralysis (8)
 r - a wand of digging (13)
 H - a wand of iceblast (10)
 U - a wand of polymorph (5)
Scrolls
 g - 4 scrolls of vulnerability
 i - 3 scrolls of amnesia
 k - 2 scrolls of summoning
 l - 7 scrolls of immolation
 x - 6 scrolls of fog
 y - 3 scrolls of enchant weapon
 B - 2 scrolls of fear
 F - 2 scrolls of torment
 L - a scroll of holy word
 V - a scroll of enchant armour
Potions
 b - 4 potions of brilliance
 h - a potion of mutation
 o - 3 potions of invisibility
 p - 3 potions of heal wounds
 q - 2 potions of attraction
 s - 5 potions of curing
 v - 3 potions of cancellation
 w - a potion of magic
 A - 3 potions of might
 C - 2 potions of flight {unknown}
 J - 2 potions of resistance
 O - a potion of ambrosia {unknown}
Miscellaneous
 D - a piece from Xom's chessboard (15/15)
 G - a condenser vane (inert)
 T - a box of beasts


   Skills:
 - Level 8.2 Fighting
 - Level 5.0 Armour
 - Level 5.0 Dodging
 - Level 14.1 Unarmed Combat
 - Level 10.5 Spellcasting
 - Level 5.4 Conjurations
 + Level 10.5 Summonings
 - Level 12.1 Transmutations
 - Level 4.0 Ice Magic
 - Level 4.9 Air Magic
 - Level 9.0 Poison Magic


You had 5 spell levels left.
You knew the following spells:

 Your Spells              Type           Power      Damage    Failure   Level
a - Beastly Appendage     Tmut           100%       N/A       1%          1
b - Wereblood             Tmut           58%        N/A       1%          2
c - Spider Form           Tmut/Pois      53%        N/A       1%          3
d - Ice Form              Ice/Tmut       44%        N/A       2%          4
e - Mephitic Cloud        Conj/Pois/Air  38%        N/A       1%          3
f - Blade Hands           Tmut           29%        N/A       1%          5
g - Ignite Poison         Fire/Tmut/Pois 40%        N/A       1%          3
h - Eringya's Noxious Bo  Tmut/Pois      26%        N/A       14%         6
i - Summon Ice Beast      Ice/Summ       41%        N/A       3%          4

Your spell library contained the following spells:

 Spells                   Type           Power      Damage    Failure   Level
 Magic Dart               Conj           100%       1d8       1%          1
 Searing Ray              Conj           68%        2d6       1%          2
 Call Canine Familiar     Summ           53%        N/A       1%          3
 Olgreb's Toxic Radiance  Pois           48%        N/A       1%          4
 Summon Guardian Golem    Hex/Summ       33%        N/A       2%          3
 Frozen Ramparts          Ice            54%        1d7       4%          3
 Petrify                  Tmut/Erth      36%        N/A       6%          4
 Airstrike                Air            15%        N/A       10%         4
 Sublimation of Blood     Necr           11%        N/A       11%         2
 Yara's Violent Unravell  Hex/Tmut       18%        3d9       16%         5
 Iskenderun's Battlesphe  Conj           34%        2d9       21%         5
 Portal Projectile        Hex/Tloc       22%        N/A       22%         3
 Fulminant Prism          Conj/Hex       11%        3d9       22%         4
 Lightning Bolt           Conj/Air       16%        1d30      22%         5
 Freezing Cloud           Conj/Ice/Air   15%        6-21      26%         5
 Fireball                 Conj/Fire      11%        3d7       54%         5
 Leda's Liquefaction      Hex/Erth       5%         N/A       56%         4
 Passage of Golubria      Tloc           11%        N/A       56%         4
 Silence                  Hex/Air        10%        N/A       56%         5
 Metabolic Englaciation   Hex/Ice        9%         N/A       65%         5
 Dragon Form              Tmut           29%        N/A       38%         7
 Summon Hydra             Summ           26%        N/A       61%         7
 Statue Form              Tmut/Erth      24%        N/A       65%         6
 Spellforged Servitor     Conj/Summ      22%        N/A       92%         7
 Iron Shot                Conj/Erth      11%        9d3       98%         6
 Starburst                Conj/Fire      11%        6d5       98%         6
 Orb of Destruction       Conj           17%        9d8       99%         7
 Ozocubu's Refrigeration  Ice            13%        4d7       100%        7
 Ignition                 Fire           5%         3d4       100%        8
 Lehudib's Crystal Spear  Conj/Erth      11%        10d4      100%        8


Dungeon Overview and Level Annotations

Branches:
Dungeon (13/15)            Temple (1/1) D:6            Lair (6/6) D:10
  Swamp (0/4) Lair:3        Snake (0/4) Lair:4        Slime (0/5) Lair:5
    Orc (1/2) D:10        Ossuary (visited)          Bailey (visited)
Gauntlet (visited)
 Vaults: D:13-14

Altars:
Ashenzari
Cheibriados
Dithmenos
Elyvilon
Fedhas
Gozag
Kikubaaqudgha
Makhleb
Nemelex Xobeh
Okawaru
Qazlal
Ru
Sif Muna
Trog
Uskayaw
Vehumet
Wu Jian
Xom
Yredelemnul
Zin
The Shining One
Lugonu

Annotations:
D:3 exclusion: 2 goblins
D:4 1 exclusion, Dowan, Duvessa
D:13 3 runed translucent doors, ChaosChampion's ghost, journeyman DgCj


Innate Abilities, Weirdness & Mutations

You cannot be hasted, slowed, berserked, paralysed or teleported.
You can dig through walls and to a lower floor.
You have a pair of large antennae on your head. (SInv)
You are frail. (-10% HP)
You are weak. (Str -2)
Your four strong arms can wield two-handed weapons with a shield.
You are partially covered in iridescent scales. (AC +2)
Your mind is acute. (Int +2)


Message History

The ogre is engulfed in blazing flames.
The ogre festers in the toxic bog!!
The ogre looks as sick as possible!
Your condenser vane has recharged.
You can't go up here!
Okay, then.
You're wearing all the rings you can.
Remove which one? (? for menu, Esc to cancel) < or
K - the ring of Departure {rPois rC- Str+6 Int+5 Slay+2} > or
j - a +4 ring of protection You remove the ring of Departure {rPois rC- Str+6 Int+5 Slay+2}.
You feel weaker.
You are engulfed in a cloud of scalding steam.
The ogre dies!
The sun demon hits you but does no damage.
You feel stronger.
P - the ring of Lust (left hand) {rF+ Str+4 SInv} The warg festers in the toxic bog!
The warg is poisoned.
The warg becomes momentarily stuck in the toxic bog.
The orc warrior hits you from afar with a +0 glaive!
Unknown command.
You can't go up here!
Clouds of acidic fog condense around you!
The condenser dries out!
The sun demon is engulfed in acidic fog.
The acid corrodes the sun demon!
The sun demon hits you!!
You are engulfed in flames!
You resist.
The warg is engulfed in acidic fog.
The acid corrodes the warg!
The warg festers in the toxic bog.
The warg looks as sick as possible!
The warg bites you but does no damage.
The red devil is engulfed in acidic fog.
The orc warrior is engulfed in acidic fog.
The acid corrodes the orc warrior!
The orc warrior hits you from afar with a +0 glaive!
* * * LOW HITPOINT WARNING * * *
The troll is engulfed in acidic fog.
The sun demon is engulfed in acidic fog.
The sun demon seems to be corroded for longer.
The sun demon hits you!!
* * * LOW HITPOINT WARNING * * *
You are engulfed in flames!
You resist.
You die...

..... # ....#
##§ §§..#. §o
§§≈...
##§###T§≈...
##§4o§§≈≈≈...
#.)§3h§≈≈§...
#..§§@§)≈§...
#.≈≈≈≈§≈≈≈...
#.≈≈§≈≈≈≈§...
...§≈≈≈≈#≈§##..
...≈≈≈§...§.# .
........#....#
#........ .....
#..#..... .....


You could see an orc high priest, a sun demon (summoned, corroded), a troll, a
warg (extremely poisoned, corroded), a red devil (summoned) and an orc warrior
(corroded).

Vanquished Creatures
  An orc warlord (Bailey)
  A minotaur (Gauntlet)
  Snorg (D:10)
  An ettin (Orc:1)
  Josephine (D:10)
  A rakshasa (D:10)
  3 centaur warriors (D:10)
  2 boulder beetles
  Erica (D:9)
  4 hydras
  8 two-headed ogres
  A tengu warrior (Gauntlet)
  5 death yaks (Lair:6)
  A skeletal warrior (D:13)
  Pikel (D:7)
  An orc sorcerer (Orc:1)
  3 deep elf pyromancers
  3 orc knights (Bailey)
  A cyclops (D:10)
  2 ugly things (D:10)
  12 elephants
  A manticore (D:10)
  4 centaur zombies
  A moth of wrath (Gauntlet)
  6 cane toads
  4 black mambas
  A kobold demonologist (D:10)
  An unseen horror (D:11)
  2 yaktaurs (D:10)
  Maggie (D:10)
  2 rime drakes
  13 komodo dragons
  A freezing wraith (D:10)
  A tengu conjurer (Gauntlet)
  3 trolls
  6 polar bears
  Grinder (D:5)
  5 hornets (Lair:6)
  2 nameless horrors (Gauntlet)
  7 dream sheep
  6 blink frogs (Lair:6)
  A meliai zombie (D:10)
  3 redbacks (Gauntlet)
  5 wraiths
  6 flying skulls (Gauntlet)
  13 spriggans (Lair:6)
  2 basilisks
  3 wyverns
  42 yaks
  9 vampire mosquitoes
  A steam dragon (shapeshifter) (D:10)
  Menkaure (D:5)
  5 nagas (Lair:4)
  Edmund (D:6)
  4 acid dragons
  22 water moccasins
  An ice beast (D:5)
  A hornet zombie (D:7)
  16 orc warriors
  3 sky beasts
  6 black bears
  2 necrophages (D:7)
  36 wolves
  5 centaurs
  An ogre (D:7)
  4 boggarts (Lair:6)
  A phantom (D:6)
  Blork the orc (D:4)
  2 elf zombies (Ossuary)
  7 bullfrogs
  A kobold brigand (D:10)
  A scorpion (D:6)
  A wyvern skeleton (D:5)
  A water moccasin zombie (D:5)
  A water moccasin skeleton (D:7)
  17 killer bees (D:9)
  The ghost of confidenceinterval the Grave Robber, a weakling DsNe (D:3)
  A howler monkey (D:10)
  A jelly (D:8)
  3 gnoll shamans
  An orc priest (D:3)
  5 hounds
  2 human zombies (Ossuary)
  2 centaur skeletons
  3 iguanas
  3 orc wizards
  6 hell rats (Lair:5)
  A killer bee zombie (D:9)
  2 hound zombies (Ossuary)
  4 mummies (Ossuary)
  5 adders
  42 gnolls
  An ufetubus (D:6)
  2 adder zombies (Ossuary)
  2 worms (D:2)
  A dart slug (D:1)
  36 orcs
  5 ball pythons
  6 endoplasms
  4 giant cockroaches
  22 goblins
  17 hobgoblins
  5 jackals
  9 quokkas
  8 bats
  A frilled lizard (D:1)
  A gnoll zombie (Ossuary)
  2 jackal zombies (Ossuary)
  5 kobolds
  An orc zombie (Ossuary)
  6 rats
564 creatures vanquished.

Vanquished Creatures (collateral kills)
  A hydra (Lair:4)
  A hornet (Lair:6)
  A water moccasin (Lair:4)
3 creatures vanquished.

Vanquished Creatures (others)
  A hydra (Lair:6)
  Harold (Orc:1)
  A black mamba (Lair:3)
  A komodo dragon (Lair:6)
  A blink frog (Lair:6)
  A yak (Lair:6)
  A warg (Orc:1)
  A water moccasin (Lair:3)
  An ogre (Orc:1)
  4 wolves (Lair:6)
  An orc wizard (Orc:1)
  An orc (Orc:1)
  30 fungi
  65 plants
110 creatures vanquished.

Grand Total: 677 creatures vanquished

Notes
Turn   | Place    | Note
-------+----------+-------------------------------------------
     0 | D:1      | Lavandula the Formicid Transmuter began the quest for the
                  | Orb.
     0 | D:1      | Reached XP level 1. HP: 15/15 MP: 3/3
   164 | D:1      | Reached XP level 2. HP: 15/21 MP: 1/5
   423 | D:1      | Learned a level 2 spell: Wereblood
   589 | D:1      | Reached skill level 4 in Unarmed Combat
   589 | D:1      | Reached XP level 3. HP: 25/26 MP: 4/6
   644 | D:1      | Learned a level 3 spell: Spider Form
  1234 | D:2      | Reached skill level 1 in Poison Magic
  1403 | D:2      | Noticed a great orb of eyes
  1404 | D:2      | Found a faded altar of an unknown god.
  1406 | D:2      | Noticed a great orb of eyes
  1406 | D:2      | Noticed an eye of devastation
  1406 | D:2      | Noticed a golden eye
  1646 | D:2      | Reached XP level 4. HP: 32/32 MP: 0/7
  2207 | D:3      | Found an iron altar of Okawaru.
  2218 | D:4      | Noticed Dowan
  2398 | D:3      | Found a runed translucent door.
  2400 | D:3      | Noticed confidenceinterval's ghost (weakling DsNe)
  2451 | D:3      | Reached XP level 5. HP: 30/37 MP: 5/9
  3074 | D:3      | Found a glowing golden altar of the Shining One.
  3074 | D:3      | Found a shimmering blue altar of Sif Muna.
  3074 | D:3      | Found an ornate altar of the Wu Jian Council.
  3283 | D:3      | Learned a level 4 spell: Ice Form
  3327 | D:3      | Killed confidenceinterval's ghost
  3328 | D:3      | Reached XP level 6. HP: 43/43 MP: 5/10
  3381 | D:4      | Noticed Duvessa
  3420 | D:4      | Noticed Blork the orc
  3428 | D:4      | Killed Blork the orc
  3429 | D:4      | Reached skill level 5 in Transmutations
  4232 | D:4      | Reached skill level 1 in Ice Magic
  4234 | D:4      | Reached XP level 7. HP: 42/48 MP: 6/11
  4568 | D:5      | Entered Level 5 of the Dungeon
  4916 | D:5      | Noticed a water moccasin
  4920 | D:5      | Noticed Grinder
  4925 | D:5      | Killed a water moccasin
  4926 | D:5      | Reached skill level 5 in Unarmed Combat
  4926 | D:5      | Reached XP level 8. HP: 54/54 MP: 5/12
  4972 | D:5      | Noticed Menkaure
  5184 | D:5      | Killed Menkaure
  5185 | D:5      | Reached skill level 6 in Unarmed Combat
  5196 | D:5      | Killed Grinder
  5197 | D:5      | Reached skill level 7 in Unarmed Combat
  5550 | D:5      | Reached skill level 8 in Unarmed Combat
  5767 | D:5      | Reached XP level 9. HP: 59/59 MP: 8/13
  6071 | D:6      | Reached skill level 9 in Unarmed Combat
  6110 | D:6      | Found a staircase to the Ecumenical Temple.
  6121 | Temple   | Entered the Ecumenical Temple
  6220 | Temple   | Became a worshipper of Ru the Awakened
  6659 | D:6      | Noticed a two-headed ogre
  6662 | D:6      | Reached skill level 10 in Unarmed Combat
  6731 | D:6      | You fall into a shaft and drop 1 floor!
  7172 | D:6      | Killed a two-headed ogre
  7173 | D:6      | Reached skill level 5 in Spellcasting
  7173 | D:6      | Reached XP level 10. HP: 40/65 MP: 10/17
  7545 | D:6      | Noticed Edmund
  7576 | D:6      | Killed Edmund
  8211 | D:7      | Noticed Pikel
  8224 | D:7      | Killed Pikel
  8796 | D:8      | Noticed a two-headed ogre
  9017 | D:8      | Identified the ring "Noith" {rC+ Will++ Int-3}
  9073 | D:8      | Reached skill level 1 in Armour
  9097 | D:8      | Found a sand-covered staircase.
  9106 | Ossuary  | Entered an ossuary
  9569 | D:8      | Noticed a two-headed ogre
  9901 | D:8      | Killed a two-headed ogre
  9902 | D:8      | Reached skill level 5 in Armour
  9902 | D:8      | Reached XP level 11. HP: 54/70 MP: 18/23
 10175 | D:8      | Killed a two-headed ogre
 10176 | D:8      | Reached skill level 11 in Unarmed Combat
 10785 | D:9      | Noticed a two-headed ogre
 11306 | D:9      | Noticed a two-headed ogre
 11319 | D:9      | Killed a two-headed ogre
 11364 | D:9      | Reached skill level 5 in Dodging
 11475 | D:9      | Killed a two-headed ogre
 11532 | D:9      | Noticed Erica
 11553 | D:9      | Learned a level 3 spell: Mephitic Cloud
 11581 | D:9      | Killed Erica
 12088 | D:9      | Noticed a two-headed ogre
 12101 | D:9      | Killed a two-headed ogre
 12207 | D:10     | Entered Level 10 of the Dungeon
 12212 | D:10     | Found a staircase to the Lair.
 12221 | D:10     | Noticed Maggie
 12223 | D:10     | Noticed Josephine
 12227 | D:10     | Killed Maggie
 12273 | D:10     | Found a flagged portal.
 12284 | D:10     | Reached skill level 5 in Conjurations
 12294 | D:10     | Reached XP level 12. HP: 81/81 MP: 17/24
 12308 | Bailey   | Entered a bailey
 12407 | Bailey   | Reached skill level 1 in Air Magic
 13025 | Bailey   | Acquired the Incunabulum of Weightlessness and Shape
                  | Shifting
 13160 | Bailey   | Noticed an orc warlord
 13288 | Bailey   | Killed an orc warlord
 13335 | Bailey   | Learned a level 5 spell: Blade Hands
 13339 | Bailey   | Learned a level 3 spell: Ignite Poison
 13346 | Bailey   | Learned a level 6 spell: Eringya's Noxious Bog
 13725 | D:10     | Killed Josephine
 14013 | D:10     | Noticed a centaur warrior
 14029 | D:10     | Killed a centaur warrior
 14054 | D:10     | Noticed a boulder beetle
 14067 | D:10     | Killed a boulder beetle
 14068 | D:10     | Reached skill level 10 in Transmutations
 14076 | D:10     | Noticed a centaur warrior
 14085 | D:10     | Killed a centaur warrior
 14086 | D:10     | Reached XP level 13. HP: 48/86 MP: 25/25
 14086 | D:10     | Reached skill level 13 in Unarmed Combat
 14086 | D:10     | Reached XP level 14. HP: 52/93 MP: 26/26
 14094 | D:10     | Found a staircase to the Orcish Mines.
 14649 | D:10     | Got the Almanac of Mutagenic Weightlessness
 14802 | D:10     | Noticed Snorg
 14815 | D:10     | Killed Snorg
 14879 | D:10     | Found a burning altar of Makhleb.
 15228 | D:11     | Reached skill level 5 in Poison Magic
 15852 | D:11     | Gained mutation: Your mind is acute. (Int +2) [potion of
                  | mutation]
 15852 | D:11     | Gained mutation: You are partially covered in iridescent
                  | scales. (AC +2) [potion of mutation]
 16400 | D:12     | Found a corrupted altar of Lugonu.
 16931 | D:13     | Found a runed translucent gate.
 16931 | D:13     | Found a runed translucent gate.
 16931 | D:13     | Found a runed translucent gate.
 16932 | D:13     | Noticed ChaosChampion's ghost (journeyman DgCj)
 17052 | Lair:1   | Entered Level 1 of the Lair of Beasts
 17404 | Lair:1   | Reached skill level 5 in Fighting
 19474 | Lair:3   | Reached XP level 15. HP: 110/110 MP: 13/27
 19548 | Lair:3   | Found a staircase to the Swamp.
 19747 | Lair:3   | You fall into a shaft and drop 2 floors!
 20114 | Lair:4   | Reached skill level 10 in Spellcasting
 20223 | Lair:4   | Identified the +6 plate armour of Space {*Corrode rF++
                  | Str+6}
 20324 | Lair:4   | Found a staircase to the Snake Pit.
 20337 | Lair:4   | Found a gate leading to a gauntlet.
 20347 | Gauntlet | Entered a Gauntlet
 20347 | Gauntlet | Found a transporter.
 20347 | Gauntlet | Found a transporter.
 20347 | Gauntlet | Found a transporter.
 20358 | Gauntlet | Found a transporter.
 20360 | Gauntlet | Found a transporter.
 20371 | Gauntlet | Found a transporter.
 20372 | Gauntlet | Found a transporter.
 20380 | Gauntlet | Found a transporter.
 20399 | Gauntlet | Found a transporter.
 20418 | Gauntlet | Found a transporter.
 20421 | Gauntlet | Found a transporter.
 20431 | Gauntlet | Found a transporter.
 20464 | Gauntlet | Reached skill level 14 in Unarmed Combat
 20485 | Gauntlet | Learned a level 4 spell: Summon Ice Beast
 20515 | Gauntlet | Reached skill level 1 in Summonings
 20515 | Gauntlet | Found a runed translucent door.
 20524 | Gauntlet | Identified the ring of Departure {rPois rC- Str+6 Int+5
                  | Slay+2}
 20655 | Gauntlet | Identified the ring of Lust {rF+ Str+4 SInv}
 20759 | Gauntlet | Identified the +3 chain mail of the Grue {rF+ rC- rN+
                  | Dex+2}
 20837 | Lair:4   | Gained mutation: You are weak. (Str -2) [Ru sacrifice]
 21068 | Lair:4   | Reached skill level 5 in Summonings
 21860 | Lair:5   | Identified the +7 trident of the Destroying Queen {elec,
                  | rPois rC+++ Stlth-}
 22015 | Lair:5   | Found a staircase to the Slime Pits.
 22239 | Lair:6   | Entered Level 6 of the Lair of Beasts
 22997 | Lair:6   | Gained mutation: You are frail. (-10% HP) [Ru sacrifice]
 22997 | Lair:6   | Reached * piety under Ru
 22997 | Lair:6   | Reached ** piety under Ru
 23077 | Lair:6   | Reached XP level 16. HP: 105/105 MP: 20/30
 23640 | Lair:6   | Reached skill level 10 in Summonings
 24130 | Orc:1    | Entered Level 1 of the Orcish Mines
 24130 | Orc:1    | Noticed Harold
 24136 | Orc:1    | Killed Harold
 24139 | Orc:1    | HP: 5/105 [sun demon[an orc high priest] (20)]
 24139 | Orc:1    | Slain by a sun demon

Illustrated notes

Levels and vault maps discovered:
D:1:      amcnicky_arrival_wind_blow, layout_basic, interstate_on_off
D:2:      layout_loops_ring, hellmonk_ecumenical_altar_watching_god
D:3:      layout_loops_cross, kennysheep_okawaru_gauntlet,
          gammafunk_temple_overflow_forgotten, ebering_ghost_inner_flame
D:4:      layout_cave_pools, nzn_hepliaklqana_mist_gate, feat_on_display,
          uniq_blork_the_orc, uniq_duvessa
D:5:      layout_layer_cave, uniq_grinder, uniq_menkaure
D:6:      minmay_cornered_nines, layout_gridville,
          minmay_temple_entry_statues_fountains, uniq_edmund
D:7:      layout_loops_ring, uniq_pikel
D:8:      layout_basic, chequers_ossuary_entry_cave, lemuel_flamethrower_1
D:9:      layout_long_grid, minivault_19, uniq_erica
D:10:     minmay_the_grid_square_5x5_4x4 [minmay_the_grid_square_5x5_three,
          minmay_the_grid_square_5x5_bridge,
          minmay_the_grid_square_5x5_doubleslash,
          minmay_the_grid_square_5x5_inner_v,
          minmay_the_grid_square_5x5_tetrominoes,
          minmay_the_grid_square_5x5_prize_waves,
          minmay_the_grid_square_5x5_prize_snowflake,
          minmay_the_grid_square_5x5_spiral_small,
          minmay_the_grid_square_5x5_three_walls,
          minmay_the_grid_square_5x5_prize_itemx,
          minmay_the_grid_square_5x5_prize_rear_guard,
          minmay_the_grid_square_5x5_longway, minmay_the_grid_square_5x5_bite,
          minmay_the_grid_square_5x5_shuriken,
          minmay_the_grid_square_5x5_inner_z,
          minmay_the_grid_square_5x5_checkered], layout_gridville,
          bloody_makhleb, david_lair_shrubbed, orc_0_dummy,
          lightli_bailey_entry_fortress, uniq_josephine, uniq_snorg, uniq_maggie
D:11:     layout_stronghold
D:12:     layout_cave_pods, minmay_misc_feat_x, tgw_lugonu_bribe
D:13:     layout_cave_pools, gammafunk_ghost_nasty_kobolds, item_on_display_a,
          uniq_rupert, uniq_urug
Temple:   regret_index_temple_sphere_string
Lair:1:   layout_roguey, chequers_serial_rivers_small_3,
          chequers_serial_rivers_micro_d, lemuel_fruit_tree, grunt_megastairs_3,
          infiniplex_staircase_pool
Lair:2:   layout_layer_cave, serial_bayou_shore_b
Lair:3:   layout_misc_corridors, minmay_swamp_entry_swarm
Lair:4:   layout_misc_corridors, minmay_snake_entry_guardpost_medium,
          gauntlet_entry_generic
Lair:5:   layout_concentric_octagons, slime_dummy, lemuel_fruit_fields
Lair:6:   minmay_lair_end_enchanted_forest, layout_regular_city
Orc:1:    layout_caves, serial_shops, nicolae_shop_trees, uniq_harold

Skill      XL: |  1  2  3  4  5  6  7  8  9 10 11 12 13 14 15 16 |
---------------+-------------------------------------------------+-----
Unarmed Combat | 4 5 8 10 11 13 14 | 14.1
Poison Magic   | 2 3 9 |  9.0
Spellcasting   | 3 5 8 10 | 10.5
Transmutations | 3 5 6 10 12 | 12.1
Ice Magic      | 1 4 |  4.0
Armour         | 5 |  5.0
Dodging        | 5 |  5.0
Fighting       | 3 8 |  8.2
Conjurations   | 5 |  5.4
Air Magic      | 4 |  4.9
Summonings     | 9 10 | 10.5

Action                   |  1- 3 |  4- 6 |  7- 9 | 10-12 | 13-15 | 16-18 || total
-------------------------+-------+-------+-------+-------+-------+-------++-------
Melee: Unarmed           |    78 |    85 |   149 |   461 |   612 |    73 ||  1458
       Kick              |     7 |     6 |       |     1 |       |       ||    14
       Punch             |     1 |       |     1 |       |    40 |     7 ||    49
Throw: Dart              |       |       |     5 |    28 |     3 |       ||    36
 Cast: Beastly Appendage |    11 |     7 |       |     1 |       |       ||    19
       Wereblood         |     1 |     2 |     7 |    16 |    24 |     1 ||    51
       Spider Form       |     6 |     9 |     6 |    10 |       |       ||    31
       Ice Form          |       |     5 |    17 |    43 |    18 |     1 ||    84
       Mephitic Cloud    |       |       |       |    14 |     3 |     1 ||    18
       Ignite Poison     |       |       |       |     2 |     1 |     1 ||     4
       Blade Hands       |       |       |       |       |    55 |    10 ||    65
       Eringya's Noxious |       |       |       |       |     8 |     1 ||     9
       Summon Ice Beast  |       |       |       |       |     5 |     1 ||     6
Invok: Reject Sacrifices |       |       |       |     1 |     1 |       ||     2
       Sacrifice Purity  |       |       |       |       |     1 |       ||     1
       Sacrifice Health  |       |       |       |       |     1 |       ||     1
 Abil: Dig               |       |       |     2 |    10 |     4 |       ||    16
       Shaft Self        |       |       |     1 |       |       |       ||     1
       End Transformatio |       |       |       |     5 |     4 |       ||     9
Evoke: Piece from Xom's  |       |       |       |     2 |     1 |       ||     3
       Wand              |       |       |       |     2 |       |       ||     2
       Condenser vane    |       |       |       |       |     2 |     1 ||     3
  Use: Scroll            |     1 |     1 |     1 |    15 |    14 |       ||    32
       Potion            |       |       |       |     3 |     3 |       ||     6
 Stab: Sleeping          |       |     1 |       |       |       |       ||     1
       Confused          |       |       |       |     5 |     1 |     2 ||     8
Armor: Robe              |    18 |     6 |     8 |     3 |       |       ||    35
       Skin              |       |    11 |    63 |   169 |    51 |     5 ||   299
       Troll leather arm |       |       |       |     7 |   155 |    29 ||   191
Dodge: Dodged            |    38 |    56 |    68 |   299 |   246 |    36 ||   743
Block: Other             |       |       |       |    46 |    93 |    16 ||   155
       Reflection        |       |       |       |     1 |     5 |       ||     6

Table legend: (Time is in decaauts)
 A = Elapsed time spent in this place.
 B = Non-inter-level travel time spent in this place.
 C = Inter-level travel time spent in this place.
 D = Time resting spent in this place.
 E = Time spent auto-exploring this place.
 F = Levels seen in this place.
 G = Mean time per level.
                   A        B        C        D        E       F      G
               +--------+--------+--------+--------+--------+-----+--------+
         Total |  23875 |  22816 |   1059 |   1820 |  15908 |  24 |  994.8 |
       Dungeon |  15359 |  14579 |    780 |   1632 |  10107 |  13 | 1181.5 |
        Temple |    192 |    164 |     28 |      0 |    134 |   1 |  192.0 |
          Lair |   6487 |   6236 |    251 |      9 |   5060 |   6 | 1081.2 |
  Orcish Mines |      7 |      7 |      0 |      0 |      0 |   1 |    7.0 |
       Ossuary |    316 |    316 |      0 |      0 |    218 |   1 |  316.0 |
        Bailey |   1080 |   1080 |      0 |     38 |    331 |   1 | 1080.0 |
      Gauntlet |    431 |    431 |      0 |    141 |     58 |   1 |  431.0 |
               +--------+--------+--------+--------+--------+-----+--------+

Top non-repeatable levels by time:
     D:3: 2252 daAuts
     D:8: 1828 daAuts
  Lair:6: 1698 daAuts
    D:10: 1676 daAuts
     D:6: 1650 daAuts
  Lair:2: 1389 daAuts
     D:7: 1233 daAuts
     D:1: 1140 daAuts
     D:5: 1135 daAuts
     D:9: 1123 daAuts
  Bailey: 1080 daAuts
    D:12: 1074 daAuts
     D:2: 944 daAuts
  Lair:1: 897 daAuts
    D:11: 893 daAuts
